 Dungeon Crawl Stone Soup version 0.27.0-1-g7a089689b8 (webtiles) character file.

Game seed: 13660522520389600275

378 ZombieSheep the Insei (level 6, -3/41 HPs)
             Began as an Octopode Transmuter on Aug 3, 2021.
             Slain by an ogre (12 damage)
             ... on level 5 of the Dungeon.
             The game lasted 00:08:35 (5846 turns).

ZombieSheep the Insei (Octopode Transmuter)         Turns: 5846, Time: 00:08:36

Health: -3/41      AC:  2    Str: 10    XL:     6   Next: 74%
Magic:  4/10       EV: 20    Int: 23    God:
Gold:   240        SH:  0    Dex: 17    Spells: 3/11 levels left

rFire    . . .     SeeInvis .     - Unarmed
rCold    . . .     Faith    .   (shield currently unavailable)
rNeg     . . .     Spirit   .   (helmet currently unavailable)
rPois    x         Reflect  .   (no amulet)
rElec    .         Harm     .   a - +6 ring of intelligence
rCorr    .         Rampage  .   (no ring)
Will     .....                  (no ring)
Stlth    ++........             (no ring)
HPRegen  0.13/turn              (no ring)
MPRegen  0.12/turn              (no ring)
                                (no ring)
                                (no ring)

@: spider-form, very slightly contaminated
A: venomous fangs, almost no armour, (amphibious), 8 rings, tiny, (camouflage
1), (gelatinous body 1), (nimble swimmer 1), (tentacles)
a: End Transformation


You were on level 5 of the Dungeon.
You were a venomous arachnid creature.
You visited 1 branch of the dungeon, and saw 6 of its levels.

You collected 240 gold pieces.

Inventory:

Jewellery
 a - a +6 ring of intelligence (left front leg)
 g - an amulet of magic regeneration
Wands
 c - a wand of digging (7)
Scrolls
 b - 2 scrolls of teleportation
 f - a scroll of silence
 h - a scroll of enchant weapon
Potions
 d - a potion of curing
 j - a potion of flight


   Skills:
 + Level 2.7 Fighting
 + Level 3.2 Dodging
 - Level 1.3 Stealth
 + Level 4.0 Unarmed Combat
 + Level 3.1 Spellcasting
 + Level 3.3 Transmutations
 + Level 0.9 Ice Magic
 - Level 2.1 Poison Magic


You had 3 spell levels left.
You knew the following spells:

 Your Spells              Type           Power      Damage    Failure   Level
a - Beastly Appendage     Tmut           38%        N/A       11%         1
b - Spider Form           Tmut/Pois      8%         N/A       26%         3
c - Ice Form              Ice/Tmut       13%        N/A       65%         4

Your spell library contained the following spells:

 Spells                   Type           Power      Damage    Failure   Level
 Wereblood                Tmut           19%        N/A       13%         2
 Magic Dart               Conj           12%        1d3       28%         1
 Ensorcelled Hibernation  Hex/Ice        10%        N/A       32%         2
 Searing Ray              Conj           6%         3d3       36%         2
 Fulminant Prism          Conj/Hex       1%         3d6       89%         4
 Shadow Creatures         Summ           N/A        N/A       100%        6


Dungeon Overview and Level Annotations

Branches:
Dungeon (6/15)
 Temple: D:4-7

Altars:
Elyvilon
Xom

Shops:
D:3 =


Innate Abilities, Weirdness & Mutations

You are a venomous arachnid creature.
You have poisonous fangs.
You are tiny and dextrous.
Your spellcasting is less reliable in this form.
Your armour is entirely melded.
You are incapable of wielding weapons or throwing items.
You cannot wear most types of armour.
((You are amphibious.))
You can wear up to eight rings at the same time.
((Your skin changes colour to match your surroundings (Stealth+).))
((Your rubbery body absorbs attacks. (AC +1, EV +1)))
((You are camouflaged near water. (Stealth+)))
((You have tentacles for arms and can constrict up to eight enemies at once.))


Message History

Where to? (Enter - D:3 @ (x,y), ? - help)
What level of the Dungeon? (default 1, ? - help)
There is a stone staircase leading up here.
There is a stone staircase leading down here.
You climb downwards.
There is a stone staircase leading up here.
Found a stone staircase leading up.
There is a stone staircase leading up here.
You now have 228 gold pieces (gained 14).
Found an escape hatch in the ceiling.
A vampire comes into view.
Found 12 gold pieces.
You now have 240 gold pieces (gained 12).
Found a stone staircase leading down.
An ogre comes into view. It is wielding a +0 giant club.
The ogre shouts!
An adder comes into view.
There is a stone staircase leading down here.
You climb downwards.
Found a potion of curing and a chain mail.
Found an escape hatch in the floor.
There is a stone staircase leading up here.
You climb upwards.
There is a stone staircase leading down here.
Casting: Spider Form (dangerous; 11% risk of failure)
Confirm with . or Enter, or press ? or * to list all spells.
You miscast Spider Form.
You are very lightly contaminated with residual magic.
Nothing appears to happen.
The ogre hits you with a +0 giant club!!
Ouch! That really hurt!
* * * LOW HITPOINT WARNING * * *
Casting: Spider Form (dangerous; 11% risk of failure)
Confirm with . or Enter, or press ? or * to list all spells.
You turn into a venomous arachnid creature.
You hit the ogre but do no damage. The ogre completely misses you.
You hit the ogre.
The ogre is poisoned.
The ogre is lightly wounded.
The ogre hits you with a +0 giant club!
You die...

#.......# #.......#
#.......# #.......#
#.......# #.......#
#.......# ######O## ######
#s####### #....# #........
#....# #........
#####....#####........
#..............#######
#.###....####### #.#
#....#....# #.# #....#....#
.. #.#
######....##############...


You could see an ogre (very poisoned).

Vanquished Creatures
  A necrophage (D:4)
  A scorpion (D:4)
  A hound (D:4)
  2 orc wizards (D:4)
  8 adders
  A white imp (D:3)
  2 adder skeletons (D:4)
  A worm (D:3)
  2 dart slugs
  3 orcs (D:4)
  3 ball pythons
  3 endoplasms
  3 giant cockroaches
  10 goblins
  3 hobgoblins
  2 jackals (D:1)
  6 quokkas
  2 bats
  2 frilled lizards (D:1)
  7 kobolds
  2 rats
65 creatures vanquished.

Vanquished Creatures (others)
  A plant (D:3)
1 creature vanquished.

Grand Total: 66 creatures vanquished

Notes
Turn   | Place    | Note
-------+----------+-------------------------------------------
     0 | D:1      | ZombieSheep the Octopode Transmuter began the quest for the
                  | Orb.
     0 | D:1      | Reached XP level 1. HP: 13/13 MP: 3/3
   210 | D:1      | Reached XP level 2. HP: 18/18 MP: 3/5
   284 | D:1      | Found a faded altar of an unknown god.
   285 | D:1      | Noticed a shining eye
   288 | D:1      | Noticed a great orb of eyes
   288 | D:1      | Noticed a floating eye
   288 | D:1      | Noticed a great orb of eyes
   505 | D:1      | Reached skill level 1 in Stealth
   780 | D:2      | Reached XP level 3. HP: 13/23 MP: 6/6
  1099 | D:2      | Learned a level 3 spell: Spider Form
  1140 | D:2      | Found a shimmering altar of Xom.
  1994 | D:2      | Reached XP level 4. HP: 6/28 MP: 7/7
  2458 | D:2      | Reached skill level 1 in Poison Magic
  3130 | D:3      | Learned a level 4 spell: Ice Form
  3459 | D:3      | Found Gounneptiaq's Jewellery Shoppe.
  3855 | D:3      | Found a white marble altar of Elyvilon.
  4280 | D:4      | Noticed a necrophage
  4293 | D:4      | Killed a necrophage
  4294 | D:4      | Reached XP level 5. HP: 21/35 MP: 6/9
  4459 | D:4      | Reached XP level 6. HP: 6/41 MP: 10/10
  5467 | D:4      | Reached skill level 4 in Unarmed Combat
  5617 | D:5      | Entered Level 5 of the Dungeon
  5746 | D:5      | Noticed a vampire
  5846 | D:5      | Slain by an ogre

Illustrated notes

Levels and vault maps discovered:
D:1:      dpeg_arrival_court, layout_loops_ring,
          hellmonk_ecumenical_altar_watching_god
D:2:      layout_loops_corners, basic_altar
D:3:      layout_loops_ring, nicolae_elyvilon_temple_path, serial_shops,
          shop_coins, minmay_between
D:4:      layout_loops_cross
D:5:      layout_basic, serial_shops, nicolae_diamond_shop
D:6:      layout_loops_ring, uniq_sigmund, uniq_blork_the_orc

Skill      XL: |  1  2  3  4  5  6 |
---------------+-------------------+-----
Stealth        | 1 |  1.3
Poison Magic   | 1 2 |  2.1
Fighting       | 2 |  2.7
Spellcasting   | 3 |  3.1
Transmutations | 3 |  3.3
Dodging        | 3 |  3.2
Unarmed Combat | 4 |  4.0
Ice Magic      | |  0.9

Action                   |  1- 3 |  4- 6 || total
-------------------------+-------+-------++-------
Melee: Unarmed           |    66 |   113 ||   179
       Constrict         |    16 |    27 ||    43
       Tentacles         |     9 |    18 ||    27
       Kick              |     2 |     5 ||     7
       Punch             |       |     1 ||     1
 Cast: Beastly Appendage |     1 |     3 ||     4
       Spider Form       |       |     2 ||     2
  Use: Scroll            |     1 |     6 ||     7
 Stab: Sleeping          |     9 |    17 ||    26
Armor: Skin              |     3 |     2 ||     5
Dodge: Dodged            |    32 |    47 ||    79
